[Event "ICC Open 2015"]
[Site "Internet Chess Club"]
[Date "2015.05.29"]
[Round "7"]
[White "blackending"]
[Black "BigSerge"]
[Result "1/2-1/2"]
[ICCResult "Black ran out of time and White has no material to mate"]
[WhiteElo "1697"]
[BlackElo "1944"]
[Opening "Ruy Lopez: Schliemann defense"]
[ECO "C63"]
[NIC "RL.06"]
[Time "20:37:57"]
[TimeControl "180+0"]

1. e4 e5 2. Nf3 Nc6 3. Bb5 f5 4. d3 Nf6 5. Nc3 d6 6. O-O Be7 7. Re1 O-O 8.
h3 Kh8 9. Bg5 fxe4 10. dxe4 Nh5 11. Bxe7 Qxe7 12. Nd5 Qf7 13. Rf1 Nf4 14.
Nxf4 Qxf4 15. Re1 Bxh3 16. gxh3 Qxf3 17. Qxf3 Rxf3 18. Bxc6 bxc6 19. Kg2
Raf8 20. Re2 h6 21. Rd1 R3f4 22. Rd3 Rb8 23. Rb3 Rxb3 24. axb3 Kg8 25. f3
Rf8 26. Re1 Kf7 27. Ra1 Ra8 28. Ra6 Ke7 29. Rxc6 Kd7 30. Ra6 c6 31. Kf2 Kc7
32. Ke3 Kb7 33. Ra4 g5 34. c4 a5 35. b4 axb4 36. Rxb4+ Kc7 37. b3 Ra1 38.
Kd3 Rh1 39. Ke3 Rxh3 40. Ra4 g4 41. Ra7+ Kb6 42. Rh7 Rxf3+ 43. Ke2 Rh3 44.
Rg7 h5 45. b4 g3 46. Rg6 h4 47. Kf3 Rh2 48. Rxd6 Rf2+ 49. Ke3 Rf4 50. Rh6
Rg4 51. Kf3 g2 52. Rxh4 Rxh4 53. Kxg2 Rxe4 54. Kf3 Rxc4 55. b5 Kxb5 56. Ke3
c5 57. Kd3 Rd4+ 58. Ke3 c4 59. Kf3 c3 60. Ke3 c2 61. Kf3 c1=Q 62. Kg3 e4 63.
Kg2 e3 64. Kf3 Qe1 65. Kg2 e2 66. Kh3 Qd2 67. Kg3 e1=Q+ 68. Kh3
{Black ran out of time and White has no material to mate}
1/2-1/2

[Event "ICC Open 2015"]
[Site "Internet Chess Club"]
[Date "2015.05.29"]
[Round "7"]
[White "chigamaster"]
[Black "BlitzorDDD"]
[Result "1/2-1/2"]
[ICCResult "Game drawn by repetition"]
[WhiteElo "2906"]
[BlackElo "3151"]
[Opening "English, 1...Nf6 (Anglo-Indian defense)"]
[ECO "A15"]
[NIC "EO.64"]
[Time "20:37:33"]
[TimeControl "180+0"]

1. c4 Nf6 2. g3 e5 3. Bg2 d5 4. cxd5 Nxd5 5. Nc3 Nxc3 6. bxc3 Nc6 7. d3 Bc5
8. Nf3 O-O 9. O-O Rb8 10. a4 Be6 11. Ba3 Bxa3 12. Rxa3 Qd7 13. Ra1 Bh3 14.
Rb1 Bxg2 15. Kxg2 f5 16. Rb5 Qd6 17. Qb3+ Kh8 18. Qd5 Qe7 19. Nxe5 a6 20.
Nxc6 bxc6 21. Qc5 Qxe2 22. Rxb8 Rxb8 23. Qxf5 Qc2 24. Qe4 Qxc3 25. Qc4 Qxc4
26. dxc4 Rb4 27. Rd1 h6 28. Rd7 Rxa4 29. Rxc7 Rxc4 30. Ra7 Ra4 31. Rc7 Rc4
32. Ra7 Ra4 33. Rc7 a5 34. Rxc6 Ra1 35. Ra6 a4 36. h4 h5 37. Ra5 g6 38. Ra7
Ra3 39. Kh2 Kg8 40. Kg2 Kf8 41. Kg1 Ke8 42. Kg2 Kd8 43. Ra6 Kc7 44. Rxg6 Kb7
45. Rg5 Kb6 46. Rxh5 Rc3 47. Rh8 Rc7 48. Ra8 Ra7 49. Rb8+ Rb7 50. Ra8 Ra7
51. Rb8+ Rb7 52. Ra8 Ra7 {Game drawn by repetition} 1/2-1/2

[Event "ICC Open 2015"]
[Site "Internet Chess Club"]
[Date "2015.05.29"]
[Round "7"]
[White "ILYMJPDL"]
[Black "golpeador"]
[Result "1-0"]
[ICCResult "Black forfeits on time"]
[WhiteElo "2005"]
[BlackElo "2373"]
[Opening "French: Paulsen variation"]
[ECO "C10"]
[NIC "FR.04"]
[Time "20:38:13"]
[TimeControl "180+0"]

1. e4 e6 2. Nc3 d5 3. d4 Nc6 4. Nf3 Nf6 5. e5 Ne4 6. Bd2 Nxd2 7. Qxd2 Bb4 8.
Bb5 Bd7 9. a3 Ba5 10. b4 Bb6 11. O-O O-O 12. Rad1 f6 13. exf6 Qxf6 14. Bxc6
Bxc6 15. Ne5 Be8 16. Qe2 a5 17. b5 c5 18. bxc6 bxc6 19. Na4 Ba7 20. c4 Rb8
21. c5 Rb3 22. Qa6 Bb8 23. Nxc6 Bf4 24. Nxa5 Bxa4 25. Nb7 Rxa3 26. c6 Qh6
27. g3 Bxd1 28. Qxa3 Bf3 29. Qxf3 Bc7 30. Qg2 Qd2 31. Nc5 Rf6 32. Nd7 Rf7
33. Nc5 Re7 34. Qf3 Qxd4 35. Rc1 e5 36. Nb7 Rf7 37. Qe3 Qxe3 38. fxe3 d4 39.
exd4 exd4 40. Rd1 h6 41. Nc5 Bb6 42. Ne6 Re7 43. Nf4 Rc7 44. Kg2 Rxc6 45.
Kf3 Rc3+ 46. Ke4 Rb3 47. Nd5 Ba7 48. Ne7+ Kf7 49. Nc6 Re3+ 50. Kd5 Bb6 51.
Ne5+ Rxe5+ 52. Kxe5 d3 53. Ke4 Bc7 54. Kxd3 Bd8 55. Rf1+ Bf6 56. Ke4 Kg6 57.
h3 h5 58. Kf3 h4 59. g4 Kg5 60. Ke4 Kg6 61. Rf5 Bb2 62. Rb5 Bf6 63. Rb6 Kg5
64. Kf3 g6 65. Rb5+ Kh6 66. Rb3 Bg5 67. Rd3 {Black forfeits on time} 1-0

[Event "ICC Open 2015"]
[Site "Internet Chess Club"]
[Date "2015.05.29"]
[Round "7"]
[White "PJJVenegas"]
[Black "Lilinstein"]
[Result "1-0"]
[ICCResult "Black forfeits on time"]
[WhiteElo "2087"]
[BlackElo "2583"]
[Opening "Queen's pawn game, Krause variation"]
[ECO "D02"]
[NIC "QP.09"]
[Time "20:39:10"]
[TimeControl "180+0"]

1. Nf3 d5 2. d4 c5 3. c4 dxc4 4. d5 e6 5. Nc3 exd5 6. Nxd5 Be6 7. e4 Nf6 8.
Bxc4 Nxe4 9. O-O Nd6 10. Qa4+ Nd7 11. Bg5 Qc8 12. Rfe1 Nxc4 13. Qxc4 Qc6 14.
Rad1 h6 15. Bf4 O-O-O 16. Qe4 Bd6 17. Nb4 Qxe4 18. Rxe4 Bxf4 19. Rxf4 cxb4
20. Rxb4 Nf6 21. Rc1+ Kb8 22. h3 Rc8 23. Re1 Rhd8 24. Nd4 Nd5 25. Ra4 Nb6
26. Rb4 Bd5 27. a4 Re8 28. Rd1 Nc4 29. Nb5 Red8 30. b3 Nb6 31. Rbd4 a6 32.
Na3 Re8 33. a5 {Black forfeits on time} 1-0

[Event "ICC Open 2015"]
[Site "Internet Chess Club"]
[Date "2015.05.29"]
[Round "7"]
[White "supermonkey"]
[Black "Ashtanga"]
[Result "0-1"]
[ICCResult "White forfeits on time"]
[WhiteElo "1845"]
[BlackElo "1765"]
[Opening "Sicilian: Kan, 5.Nc3"]
[ECO "B43"]
[NIC "SI.41"]
[Time "20:39:09"]
[TimeControl "180+0"]

1. e4 c5 2. Nf3 e6 3. d4 cxd4 4. Nxd4 a6 5. Nc3 Qc7 6. Bd3 Nf6 7. O-O Bd6 8.
Kh1 Nc6 9. Be3 O-O 10. Nxc6 bxc6 11. f4 e5 12. f5 Bb7 13. g4 Be7 14. g5 Ne8
15. Qg4 d5 16. f6 Bd6 17. fxg7 Nxg7 18. Rf6 d4 19. Raf1 dxe3 20. Bc4 Bc8 21.
Qf3 Be6 22. Bxe6 fxe6 23. Qxe3 Qe7 24. Qg3 Nh5 25. Qg4 Ng7 26. h4 Kh8 27. h5
Rg8 28. g6 Raf8 29. gxh7 Rxf6 30. hxg8=Q+ Kxg8 31. Rg1 Kh7 32. Nd1 Rh6 33.
Rg2 Rxh5+ 34. Kg1 Qf6 35. Nf2 Qh6 36. Kf1 Bc5 37. Nd3 Qf6+ 38. Ke2 Bd4 39.
c3 Bb6 40. Nxe5 Qxe5 41. Qg6+ Kg8 42. Qe8+ Kh7 43. Qg6+ Kh8 44. Qf7 Qxe4+
{White forfeits on time}
0-1

[Event "ICC Open 2015"]
[Site "Internet Chess Club"]
[Date "2015.05.29"]
[Round "7"]
[White "asithink"]
[Black "rovov"]
[Result "1-0"]
[ICCResult "Black checkmated"]
[WhiteElo "2124"]
[BlackElo "1660"]
[Opening "QGD Slav: Czech defense"]
[ECO "D17"]
[NIC "SL.04"]
[Time "20:40:40"]
[TimeControl "180+0"]

1. Nf3 d5 2. d4 c6 3. c4 Nf6 4. Nc3 dxc4 5. a4 Bf5 6. g3 e6 7. Bg2 Bb4 8.
O-O O-O 9. Ne5 Nbd7 10. Nxc4 Nb6 11. Ne5 a5 12. Bg5 h6 13. Bxf6 Qxf6 14. e4
Bh7 15. Qe2 Qd8 16. Rfd1 Nd7 17. Nc4 Qe7 18. e5 Rfd8 19. Ne4 Bxe4 20. Bxe4
Rab8 21. f4 c5 22. d5 exd5 23. Bxd5 b5 24. Nd6 bxa4 25. Nxf7 Rf8 26. Nd8+
Kh8 27. Nc6 Qe8 28. Nxb8 Qxb8 29. Be4 Nb6 30. Bc2 c4 31. Qe4 Rd8 32. Qh7#
{Black checkmated}
1-0

[Event "ICC Open 2015"]
[Site "Internet Chess Club"]
[Date "2015.05.29"]
[Round "7"]
[White "Irenaeus"]
[Black "Checharov"]
[Result "0-1"]
[ICCResult "White forfeits on time"]
[WhiteElo "1849"]
[BlackElo "2158"]
[Opening "Scandinavian (center counter) defense"]
[ECO "B01"]
[NIC "SD.01"]
[Time "20:40:22"]
[TimeControl "180+0"]

1. e4 d5 2. exd5 Qxd5 3. Nc3 Qa5 4. g3 Nf6 5. Bg2 c6 6. Nge2 Bg4 7. b4 Qc7
8. b5 e5 9. Rb1 Bc5 10. O-O O-O 11. d3 Nbd7 12. Be3 Rad8 13. bxc6 bxc6 14.
Bxc5 Nxc5 15. h3 Bh5 16. Qc1 h6 17. g4 Bg6 18. Qe3 Ne6 19. Ne4 Nd5 20. Qg3
Nef4 21. Nxf4 Nxf4 22. Qe3 Rd4 23. Nc5 Rb8 24. Rb3 Rb6 25. Rfb1 Qe7 26. Ne4
Bxe4 27. Bxe4 Qh4 28. Kh2 Rxb3 29. Rxb3 g6 30. Qg3 Qf6 31. Rb8+ Kg7 32. Rc8
Rd6 33. Qe3 Nd5 34. Bxd5 cxd5 35. Re8 d4 36. Qxe5 Qxe5+ 37. Rxe5 Ra6 38. Rd5
Rxa2 39. Rxd4 Rxc2 40. Kg3 a5 41. Rd7 a4 42. Ra7 Ra2 43. d4 Ra3+ 44. f3 g5
{White forfeits on time}
0-1

[Event "ICC Open 2015"]
[Site "Internet Chess Club"]
[Date "2015.05.29"]
[Round "7"]
[White "waynehatcher"]
[Black "fundador"]
[Result "1-0"]
[ICCResult "Black checkmated"]
[WhiteElo "1710"]
[BlackElo "1411"]
[Opening "Réti opening"]
[ECO "A04"]
[NIC "QP.11"]
[Time "20:41:27"]
[TimeControl "180+0"]

1. Nf3 Nc6 2. g3 Nf6 3. Bg2 b6 4. O-O Bb7 5. d4 h5 6. d5 Nb4 7. c4 c6 8. a3
Na6 9. dxc6 Bxc6 10. b4 Rc8 11. Nbd2 Ne4 12. Bb2 Nxd2 13. Nxd2 Rg8 14. e4
Ba8 15. Rc1 e6 16. Qxh5 g6 17. Qe2 Nxb4 18. axb4 Bxb4 19. Nb3 a5 20. Nd4 Qf6
21. Nb5 Qe7 22. Rfd1 Rc5 23. e5 Bxg2 24. Kxg2 g5 25. Nd6+ Qxd6 26. exd6 Rf5
27. Qe4 Bc5 28. Qa8# {Black checkmated} 1-0

[Event "ICC Open 2015"]
[Site "Internet Chess Club"]
[Date "2015.05.29"]
[Round "7"]
[White "brittabeast"]
[Black "Muad-dib"]
[Result "0-1"]
[ICCResult "White forfeits on time"]
[WhiteElo "1572"]
[BlackElo "2090"]
[Opening "Sicilian: Prins (Moscow) variation"]
[ECO "B55"]
[NIC "SI.01"]
[Time "20:43:09"]
[TimeControl "180+0"]

1. e4 c5 2. Nf3 d6 3. d4 cxd4 4. Nxd4 Nf6 5. f3 a6 6. Be3 e6 7. Nc3 Be7 8.
Bd3 Qc7 9. O-O Nc6 10. Nxc6 bxc6 11. Qd2 Bd7 12. Rad1 d5 13. exd5 cxd5 14.
Bf4 Qb6+ 15. Kh1 O-O 16. b3 Bb4 17. a3 Bxc3 18. Qxc3 Rac8 19. Qd2 h6 20. a4
a5 21. Bxh6 Qb4 22. Qxb4 axb4 23. Bd2 Rb8 24. f4 Rfc8 25. h3 Bc6 26. Kg1 Ne4
27. Bxe4 dxe4 28. Rc1 Bd5 29. g4 Rc6 30. f5 Kf8 31. fxe6 Bxe6 32. Rf4 Bd5
33. Rf5 Rd8 34. Be3 Rd7 35. Rd1 Ke7 36. Rfxd5 Rxd5 37. Rxd5 Rxc2 38. Rd4 Rb2
39. Rxe4+ Kd7 40. Rxb4 g6 41. a5 f5 42. gxf5 gxf5 43. a6 Ra2 44. a7 Ra6 45.
Ra4 Re6 46. a8=Q Rxe3 47. Qd5+ Ke7 48. Ra7+ Kf6 49. Ra6+ Kg5 50. Ra5 Rg3+
51. Kh2 Rf3 52. Qxf3 Kh6 {White forfeits on time} 0-1

[Event "ICC Open 2015"]
[Site "Internet Chess Club"]
[Date "2015.05.29"]
[Round "7"]
[White "RooksCarnage"]
[Black "Chessbomb"]
[Result "0-1"]
[ICCResult "White checkmated"]
[WhiteElo "1481"]
[BlackElo "1828"]
[Opening "QGD semi-Slav"]
[ECO "D43"]
[NIC "QO.16"]
[Time "20:44:02"]
[TimeControl "180+0"]

1. d4 Nf6 2. c4 e6 3. Nc3 d5 4. Nf3 c6 5. Bf4 Bd6 6. Be5 O-O 7. e3 Ne4 8.
Qc2 f5 9. Be2 Bxe5 10. Nxe5 Nd7 11. Nxe4 Nxe5 12. Ng3 Ng6 13. O-O f4 14.
exf4 Nxf4 15. Bg4 Qg5 16. Bf3 h5 17. Ne2 Nh3+ 18. Kh1 e5 19. dxe5 Bf5 20.
Qc3 Be4 21. Nd4 Nf4 22. Bxe4 dxe4 23. Qe3 Qxg2# {White checkmated} 0-1

[Event "ICC Open 2015"]
[Site "Internet Chess Club"]
[Date "2015.05.29"]
[Round "8"]
[White "Discoverchess"]
[Black "superpuma"]
[Result "1-0"]
[ICCResult "Black resigns"]
[WhiteElo "2438"]
[BlackElo "2021"]
[Opening "English, 1...Nf6 (Anglo-Indian defense)"]
[ECO "A13"]
[NIC "RE.11"]
[Time "20:51:46"]
[TimeControl "180+0"]

1. c4 Nf6 2. g3 e6 3. Bg2 d5 4. Nf3 b6 5. O-O Bb7 6. d4 Nbd7 7. Nc3 Be7 8.
cxd5 exd5 9. Bf4 c6 10. Rc1 O-O 11. Re1 Rc8 12. Ne5 c5 13. Nxd7 Qxd7 14.
dxc5 Bd6 15. Bxd6 {Black resigns} 1-0

[Event "ICC Open 2015"]
[Site "Internet Chess Club"]
[Date "2015.05.29"]
[Round "8"]
[White "capatal1"]
[Black "bennywins"]
[Result "1-0"]
[ICCResult "Black resigns"]
[WhiteElo "1466"]
[BlackElo "1164"]
[Opening "Queen's pawn"]
[ECO "A40"]
[NIC "QO.17"]
[Time "20:52:53"]
[TimeControl "180+0"]

1. d4 c6 2. Nf3 d5 3. Bg5 Bf5 4. e3 h6 5. Bh4 Nf6 6. Bd3 Qd7 7. Bxf5 Qxf5 8.
Nbd2 Qg6 9. O-O Ne4 10. Ne5 Qh5 11. Bg3 Nxg3 12. fxg3 Qxe5 13. dxe5
{Black resigns}
1-0

[Event "ICC Open 2015"]
[Site "Internet Chess Club"]
[Date "2015.05.29"]
[Round "8"]
[White "Sherlocked"]
[Black "brittabeast"]
[Result "1-0"]
[ICCResult "Black resigns"]
[WhiteElo "1940"]
[BlackElo "1569"]
[Opening "English opening"]
[ECO "A16"]
[NIC "EO.64"]
[Time "20:52:41"]
[TimeControl "180+0"]

1. c4 Nf6 2. Nc3 g6 3. g3 Bg7 4. Bg2 O-O 5. e4 e5 6. Nge2 d6 7. O-O Bg4 8.
f3 Be6 9. d3 Nbd7 10. Be3 c5 11. Rb1 a6 12. a3 b5 13. cxb5 axb5 14. Nxb5 Qb6
15. a4 Rxa4 16. Qxa4 {Black resigns} 1-0

[Event "ICC Open 2015"]
[Site "Internet Chess Club"]
[Date "2015.05.29"]
[Round "8"]
[White "want2win"]
[Black "manitodeplomo"]
[Result "0-1"]
[ICCResult "White resigns"]
[WhiteElo "2417"]
[BlackElo "2639"]
[Opening "Robatsch defense"]
[ECO "B06"]
[NIC "KF.05"]
[Time "20:52:06"]
[TimeControl "180+0"]

1. e4 g6 2. d4 Bg7 3. Nc3 c5 4. dxc5 Bxc3+ 5. bxc3 Nf6 6. Qd4 Nc6 7. Qa4 O-O
8. Nf3 b6 9. cxb6 Qxb6 10. Be3 Qb2 11. Rd1 Qxc3+ 12. Bd2 Qc5 13. Bd3 d6 14.
O-O Bd7 15. Qc4 Qxc4 16. Bxc4 Nxe4 17. Rfe1 Nxd2 18. Rxd2 Rac8 19. Bb5 Rc7
20. c4 Rfc8 21. h3 h6 22. Rb1 Kf8 23. Ba6 Rb8 24. Rxb8+ Nxb8 25. Nd4 Nxa6
{White resigns}
0-1

[Event "ICC Open 2015"]
[Site "Internet Chess Club"]
[Date "2015.05.29"]
[Round "8"]
[White "pvchandu"]
[Black "rookfish"]
[Result "0-1"]
[ICCResult "White checkmated"]
[WhiteElo "1354"]
[BlackElo "1073"]
[Opening "Blackmar gambit"]
[ECO "D00"]
[NIC "VO.06"]
[Time "20:51:41"]
[TimeControl "180+0"]

1. d4 d5 2. e4 Nc6 3. e5 e6 4. Be3 Be7 5. f4 Kd7 6. Nf3 Bh4+ 7. g3 Be7 8.
Nc3 Nh6 9. Bd3 Ng4 10. Bd2 Nb4 11. Be2 h5 12. h4 Kc6 13. Ng5 Bxg5 14. hxg5
f6 15. Bxg4 hxg4 16. Rxh8 Qxh8 17. Qe2 Qh1+ 18. Qf1 Nxc2+ 19. Kf2 Qh2+ 20.
Qg2 Qh5 21. Rh1 Qg6 22. gxf6 Qd3 23. Be1 Qe3+ 24. Kf1 Qxe1# {White
checkmated} 0-1

[Event "ICC Open 2015"]
[Site "Internet Chess Club"]
[Date "2015.05.29"]
[Round "8"]
[White "MasterZachary"]
[Black "ILYMJPDL"]
[Result "1-0"]
[ICCResult "Black checkmated"]
[WhiteElo "2239"]
[BlackElo "1998"]
[Opening "Scandinavian defense"]
[ECO "B01"]
[NIC "SD.03"]
[Time "20:51:25"]
[TimeControl "180+0"]

1. e4 d5 2. exd5 Nf6 3. Bb5+ Nbd7 4. c4 g6 5. d4 Bg7 6. Nf3 a6 7. Bxd7+ Bxd7
8. Ne5 Bf5 9. g4 Bc8 10. Nc3 O-O 11. h4 Ne8 12. h5 f6 13. Nxg6 hxg6 14. hxg6
f5 15. g5 e6 16. Qh5 Nf6 17. gxf6 Rxf6 18. Qh7+ Kf8 19. Bh6 Bxh6 20. Qxh6+
Ke7 21. Qg7+ Kd6 22. c5# {Black checkmated} 1-0

[Event "ICC Open 2015"]
[Site "Internet Chess Club"]
[Date "2015.05.29"]
[Round "8"]
[White "gotsjo"]
[Black "PITCHUS"]
[Result "0-1"]
[ICCResult "White resigns"]
[WhiteElo "1367"]
[BlackElo "1757"]
[Opening "Caro-Kann defense"]
[ECO "B10"]
[NIC "CK.01"]
[Time "20:52:18"]
[TimeControl "180+0"]

1. e4 c6 2. Nf3 d5 3. exd5 cxd5 4. b3 Nc6 5. Bb2 e6 6. d4 Nf6 7. Bb5 Qb6 8.
Bxc6+ bxc6 9. O-O Bd6 10. Nbd2 Ba6 11. Rc1 Bxf1 12. Kxf1 Qa6+ 13. Kg1 Qxa2
14. Ba1 Rc8 15. c4 Bf4 16. Rc2 Qa3 17. Bb2 Qb4 18. Bc3 Qb6 19. c5 Qb5 20.
Nb1 Qxb3 21. Rb2 Qxd1+ {White resigns} 0-1

[Event "ICC Open 2015"]
[Site "Internet Chess Club"]
[Date "2015.05.29"]
[Round "8"]
[White "AAntonioEu"]
[Black "KingsServant"]
[Result "1-0"]
[ICCResult "Black resigns"]
[WhiteElo "1929"]
[BlackElo "1481"]
[Opening "French: Marshall variation"]
[ECO "C10"]
[NIC "FR.04"]
[Time "20:51:43"]
[TimeControl "180+0"]

1. e4 e6 2. d4 d5 3. Nc3 c5 4. exd5 exd5 5. dxc5 Bxc5 6. Qxd5 Qxd5 7. Nxd5
Bd6 8. Be3 Nc6 9. O-O-O Be6 10. Nf3 O-O-O 11. Bb5 Nge7 12. Nxe7+ Nxe7 13.
Bxa7 Bf4+ 14. Kb1 Nd5 15. Rhe1 Bb8 16. Bd4 Rhe8 17. Bxe8 {Black resigns} 1-0

[Event "ICC Open 2015"]
[Site "Internet Chess Club"]
[Date "2015.05.29"]
[Round "8"]
[White "smoothg"]
[Black "holderlin"]
[Result "0-1"]
[ICCResult "White checkmated"]
[WhiteElo "1768"]
[BlackElo "1660"]
[Opening "St. George (Baker) defense"]
[ECO "B00"]
[NIC "VO.17"]
[Time "20:51:26"]
[TimeControl "180+0"]

1. e4 a6 2. d3 h6 3. Nd2 d6 4. c3 Nd7 5. Qc2 e5 6. a4 Ngf6 7. Ngf3 Be7 8.
Be2 c6 9. O-O O-O 10. b3 Nc5 11. Bb2 Ne6 12. Rad1 Nf4 13. Rfe1 N6h5 14. Bf1
f5 15. g3 fxe4 16. dxe4 Nh3+ 17. Bxh3 Bxh3 18. Re3 Bg5 19. Nxg5 Qxg5 20. Qd3
Nf4 21. Nf3 Qg4 22. Rd2 Nxd3 23. Rdxd3 d5 24. Nxe5 Qg5 25. exd5 cxd5 26.
Rxd5 Rad8 27. c4 Rxd5 28. cxd5 Qh5 29. f4 g5 30. d6 Qd1+ 31. Kf2 Qf1#
{White checkmated}
0-1

[Event "ICC Open 2015"]
[Site "Internet Chess Club"]
[Date "2015.05.29"]
[Round "8"]
[White "Much-Acclaimed"]
[Black "blackending"]
[Result "1-0"]
[ICCResult "Black resigns"]
[WhiteElo "1953"]
[BlackElo "1691"]
[Opening "English, 1...Nf6 (Anglo-Indian defense)"]
[ECO "E67"]
[NIC "EO.64"]
[Time "20:52:08"]
[TimeControl "180+0"]

1. c4 Nf6 2. g3 g6 3. Bg2 Bg7 4. Nf3 O-O 5. O-O d6 6. Nc3 Nbd7 7. d4 c6 8.
e4 Re8 9. e5 dxe5 10. dxe5 Ng4 11. e6 fxe6 12. Ng5 Ndf6 13. Qe2 h6 14. Nxe6
Bxe6 15. Qxe6+ Kh7 16. h3 Qd6 17. Qxd6 exd6 18. hxg4 Nxg4 19. Bf4 Rad8 20.
Rad1 d5 21. cxd5 Bxc3 22. bxc3 cxd5 23. Rxd5 Rxd5 24. Bxd5 b6 25. Kg2 Re2
26. Bf3 Ne3+ 27. Bxe3 {Black resigns} 1-0

[Event "ICC Open 2015"]
[Site "Internet Chess Club"]
[Date "2015.05.29"]
[Round "8"]
[White "paulohaddad"]
[Black "BillietheKid"]
[Result "1-0"]
[ICCResult "Black checkmated"]
[WhiteElo "1812"]
[BlackElo "1443"]
[Opening "Torre attack (Tartakower variation)"]
[ECO "D03"]
[NIC "QP.06"]
[Time "20:52:01"]
[TimeControl "180+0"]

1. d4 Nf6 2. Nf3 d5 3. Bg5 e6 4. e3 Be7 5. Nbd2 c5 6. c3 O-O 7. Bd3 Nc6 8.
Ne5 Nxe5 9. dxe5 Nd7 10. Bf4 b6 11. Qh5 g6 12. Qh3 Re8 13. Qg3 Bb7 14. h4
Nf8 15. h5 g5 16. Bxg5 Bxg5 17. f4 f6 18. fxg5 fxg5 19. O-O-O d4 20. Ne4
dxc3 21. Nxg5 cxb2+ 22. Kb1 Kh8 23. Nf7# {Black checkmated} 1-0

[Event "ICC Open 2015"]
[Site "Internet Chess Club"]
[Date "2015.05.29"]
[Round "8"]
[White "iamGodskid"]
[Black "smyslovVchess"]
[Result "0-1"]
[ICCResult "White resigns"]
[WhiteElo "1438"]
[BlackElo "1629"]
[Opening "Mieses opening"]
[ECO "A00"]
[NIC "VO.13"]
[Time "20:51:54"]
[TimeControl "180+0"]

1. d3 Nf6 2. g3 e6 3. Bg2 Nc6 4. Nf3 Be7 5. Bg5 d5 6. Bxf6 Bxf6 7. Nc3 O-O
8. O-O a6 9. e4 d4 10. Ne2 e5 11. Nd2 Bg4 12. f3 Be6 13. f4 Bg4 14. Qe1 Bxe2
15. Qxe2 h6 16. f5 Bg5 17. Nf3 Be3+ 18. Kh1 f6 19. Nh4 Ne7 20. Ng6 Nxg6 21.
fxg6 Qd7 22. Qh5 Rae8 23. Rf5 Qb5 24. b3 Qc5 25. Raf1 Qc3 26. Rxf6 Rxf6 27.
Rxf6 gxf6 28. h3 Qe1+ {White resigns} 0-1

[Event "ICC Open 2015"]
[Site "Internet Chess Club"]
[Date "2015.05.29"]
[Round "8"]
[White "chesstempo2"]
[Black "QuintilianoR"]
[Result "0-1"]
[ICCResult "White checkmated"]
[WhiteElo "1980"]
[BlackElo "2325"]
[Opening "Queen's pawn game"]
[ECO "D02"]
[NIC "QP.08"]
[Time "20:51:23"]
[TimeControl "180+0"]

1. d4 d5 2. Nf3 e6 3. e3 c6 4. Bd3 g6 5. b3 Bg7 6. Bb2 Nf6 7. Nbd2 O-O 8. a3
b6 9. Ne5 Bb7 10. O-O Nbd7 11. f4 c5 12. Rf3 Ne4 13. Rh3 Ndf6 14. g4 Nxd2
15. Qxd2 cxd4 16. exd4 Ne4 17. Qe1 Rc8 18. g5 Nd6 19. Qh4 h5 20. Nxg6 fxg6
21. Bxg6 Ne4 22. Qxh5 Rxf4 23. Qh7+ Kf8 24. Rf1 Rxf1+ 25. Kxf1 Nxg5 26. Qh4
Qf6+ 27. Kg1 Nxh3+ 28. Qxh3 Qxg6+ 29. Kh1 Rxc2 30. Qf3+ Kg8 31. Qf1 Rxb2 32.
Qc1 Qg2# {White checkmated} 0-1

[Event "ICC Open 2015"]
[Site "Internet Chess Club"]
[Date "2015.05.29"]
[Round "8"]
[White "Autenticman"]
[Black "blackjack721"]
[Result "1-0"]
[ICCResult "Black checkmated"]
[WhiteElo "1809"]
[BlackElo "1427"]
[Opening "Latvian counter-gambit"]
[ECO "C40"]
[NIC "KP.09"]
[Time "20:51:55"]
[TimeControl "180+0"]

1. e4 e5 2. Nf3 f5 3. Nxe5 Nf6 4. Bc4 Bc5 5. Bf7+ Ke7 6. Bb3 d6 7. Nd3 Bb6
8. exf5 Bxf5 9. Qe2+ Kd7 10. O-O Re8 11. Qf3 Be4 12. Qh3+ Kc6 13. Nb4+ Kc5
14. c3 a5 15. d4+ Kb5 16. a4# {Black checkmated} 1-0

[Event "ICC Open 2015"]
[Site "Internet Chess Club"]
[Date "2015.05.29"]
[Round "8"]
[White "sahilmd"]
[Black "Oblique"]
[Result "1-0"]
[ICCResult "Black resigns"]
[WhiteElo "2077"]
[BlackElo "1700"]
[Opening "QGD: 3.Nc3"]
[ECO "D31"]
[NIC "QP.08"]
[Time "20:52:32"]
[TimeControl "180+0"]

1. d4 d5 2. c4 e6 3. Nc3 f5 4. g3 Nf6 5. Bg2 Be7 6. Nf3 c6 7. b3 O-O 8. O-O
b6 9. Qc2 Bb7 10. Bb2 Qe8 11. e3 Qh5 12. Ne2 Ng4 13. Nf4 Qh6 14. h3 g5 15.
Nd3 Nf6 16. Nde5 Nbd7 17. cxd5 cxd5 18. Qc7 Ba6 19. Nxd7 Nxd7 20. Qxd7 Bxf1
21. Qxe7 Bxg2 22. Kxg2 Rf7 23. Qxg5+ Qxg5 24. Nxg5 Rg7 25. Nxe6 Rxg3+
{Black resigns}
1-0

[Event "ICC Open 2015"]
[Site "Internet Chess Club"]
[Date "2015.05.29"]
[Round "8"]
[White "born2die"]
[Black "supermonkey"]
[Result "0-1"]
[ICCResult "White resigns"]
[WhiteElo "1659"]
[BlackElo "1853"]
[Opening "Scandinavian (center counter) defense"]
[ECO "B01"]
[NIC "VO.17"]
[Time "20:51:45"]
[TimeControl "180+0"]

1. e4 d5 2. d3 dxe4 3. dxe4 Qxd1+ 4. Kxd1 Nf6 5. f3 e5 6. Be3 Be6 7. Nd2 Nc6
8. c3 O-O-O 9. Kc2 Nd7 10. b3 Bc5 11. Bxc5 Nxc5 12. a4 Rd7 13. b4 Rhd8 14.
Rd1 Nb3 15. Nxb3 Rxd1 16. Be2 Bxb3+ 17. Kxb3 R1d2 18. Bc4 f6 19. Ne2 Rd1 20.
Rxd1 Rxd1 21. Ng3 Rg1 22. Nf5 Rxg2 23. b5 Na5+ 24. Kb4 b6 25. Be6+ Kd8 26.
c4 g6 27. Ne3 Rxh2 28. c5 Rb2+ 29. Kc3 Rf2 30. Nd5 Rxf3+ 31. Kd2 h5 32. Nxf6
Rxf6 {White resigns} 0-1

[Event "ICC Open 2015"]
[Site "Internet Chess Club"]
[Date "2015.05.29"]
[Round "8"]
[White "Abbas-Child"]
[Black "El-Flippo"]
[Result "0-1"]
[ICCResult "White resigns"]
[WhiteElo "1257"]
[BlackElo "1340"]
[Opening "Sicilian: Taimanov (Bastrikov) variation"]
[ECO "B47"]
[NIC "SI.40"]
[Time "20:52:07"]
[TimeControl "180+0"]

1. e4 c5 2. Nf3 Nc6 3. d4 cxd4 4. Nxd4 Qc7 5. Nc3 e6 6. Be2 a6 7. O-O d6 8.
Be3 Nf6 9. f3 Be7 10. Nxc6 bxc6 11. Bg5 O-O 12. Bxf6 Bxf6 13. Bd3 Bd4+ 14.
Kh1 d5 15. exd5 exd5 16. Bxh7+ Kxh7 17. Qxd4 Rh8 18. Rfe1 Be6 19. h3 Kg8 20.
Na4 Qg3 21. Qg1 Bxh3 22. Qf1 Bxg2+ {White resigns} 0-1

[Event "ICC Open 2015"]
[Site "Internet Chess Club"]
[Date "2015.05.29"]
[Round "8"]
[White "Ashtanga"]
[Black "Youko-Kurama"]
[Result "1-0"]
[ICCResult "Black resigns"]
[WhiteElo "1793"]
[BlackElo "1782"]
[Opening "Queen's pawn game"]
[ECO "A46"]
[NIC "QP.06"]
[Time "20:52:20"]
[TimeControl "180+0"]

1. d4 Nf6 2. Nf3 c5 3. e3 e6 4. Bd3 Be7 5. O-O O-O 6. c4 cxd4 7. exd4 d5 8.
cxd5 Nxd5 9. Ne5 Nd7 10. Qh5 N5f6 11. Qh3 Re8 12. Bg5 Qb6 13. Nxd7 Bxd7 14.
Bxf6 Bxf6 15. Qxh7+ Kf8 16. Nc3 Bc6 17. d5 Bxd5 18. Nxd5 exd5 19. Qh8+ Ke7
20. Rfe1+ Kd7 21. Bf5+ Re6 22. Bxe6+ Qxe6 23. Qxa8 Qb6 24. Qe8+ Kd6 25. Qf8+
Kd7 26. Rac1 {Black resigns} 1-0